 Dungeon Crawl Stone Soup version 0.31-a0-43-g46d131a48f (webtiles) character file.

Game seed: 7799265684677285638

616 hadoken the Skirmisher (level 7, -7/60 HPs)
             Began as a Naga Hunter on May 19, 2023.
             Mangled by a gnoll
             ... wielding a +0 halberd
              (13 damage)
             ... on level 5 of the Dungeon.
             The game lasted 00:08:27 (4003 turns).

hadoken the Skirmisher (Naga Hunter)                Turns: 4003, Time: 00:08:29

Health: -7/60      AC:  4    Str: 13    XL:     7   Next: 45%
Magic:  7/7        EV:  9    Int: 10    God:
Gold:   218        SH:  0    Dex: 16    Spells: 6/6 levels left

rFire   + . .        o - +2 triple crossbow
rCold   . . .        (shield currently unavailable)
rNeg    . . .        j - +1 leather armour of Negligence {rElec}
rPois   +            (no helmet)
rElec   +            (no cloak)
rCorr   .            (no gloves)
SInv    +            (no barding)
Will    .....        (no amulet)
Stlth   ++           l - ring of protection from fire
HPRegen 0.30/turn    (no ring)
MPRegen 0.10/turn

%: no passive effects
@: brilliant, very slow
A: AC +2, large, see invisible, deformed body, poison resistance, slowness 2,
spit poison 1, naga tail 1
a: Spit Poison


You were on level 5 of the Dungeon.
You visited 1 branch of the dungeon, and saw 5 of its levels.

You collected 278 gold pieces.
You spent 60 gold pieces at shops.

Inventory:

Hand Weapons
 a - a +0 shortbow
 o - a +2 triple crossbow (weapon)
Armour
 c - a +0 leather armour
 j - the +1 leather armour of Negligence (worn) {rElec}
   (You found it on level 2 of the Dungeon)

   rElec:     It insulates you from electricity.
Jewellery
 l - a ring of protection from fire (left hand)
Scrolls
 b - a scroll of immolation
 d - a scroll of amnesia {unknown}
 e - a scroll of poison {unknown}
 h - a scroll of blinking
 n - 4 scrolls of fog
Potions
 f - a potion of mutation
 g - a potion of flight


   Skills:
 - Level 2.0 Fighting
 + Level 8.1 Ranged Weapons
 - Level 1.5 Dodging
 - Level 1.5 Stealth


You had 6 spell levels left.
You didn't know any spells.
Your spell library contained the following spells:

 Spells                   Type           Power      Damage    Failure   Level
 Cigotuvi's Dreadful Rot  Necr/Pois/Air  0%         N/A       58%         2
 Animate Armour           Summ/Erth      0%         N/A       99%         4
 Dispel Undead            Necr           0%         3d6       99%         4
 Blade Hands              Tmut           0%         N/A       100%        5
 Death Channel            Necr           0%         N/A       100%        6
 Iron Shot                Conj/Erth      0%         9d1       100%        6


Dungeon Overview and Level Annotations

Branches:
Dungeon (5/15)
 Temple: D:4-7

Altars:
Hepliaklqana

Shops:
D:4 *(


Innate Abilities, Weirdness & Mutations

Your serpentine skin is tough. (AC +2)
You have supernaturally acute eyesight. (SInv)
Armour fits poorly on your strangely shaped body.
Your system is resistant to poisons. (rPois)
You cover ground very slowly.
You can spit poison.
You have a snake-like lower body.


Message History

The gnoll hits you with a +0 club.
An orc comes into view. It is wielding a +0 whip.
You are too injured to fight recklessly!
As you read the scroll of summoning, it crumbles to dust.
Wisps of shadow whirl around you...
The gnoll hits you from afar with a +0 halberd!
* * * LOW HITPOINT WARNING * * *
The gnoll hits you with a +0 club.
* * * LOW HITPOINT WARNING * * *
Unknown command.
The gnoll attacks as you move away! The gnoll hits you with a +0 club.
* * * LOW HITPOINT WARNING * * *
Found 12 gold pieces.
You have got your breath back.
Your jackal bites the gnoll but does no damage.
Your ogre misses the gnoll.
Your ice beast hits the gnoll.
Your ice beast freezes the gnoll!
Fire: o) +2 triple crossbow
Press: ? - help, Q - select action, (/) - cycle Shift-Dir - straight line, f - gnoll
Aim: a gnoll, wielding a +0 club (almost dead, ally target, 66% to hit)
You shoot a bolt. The bolt closely misses the gnoll.
Your jackal barely misses the gnoll.
The gnoll hits you from afar with a +0 halberd.
* * * LOW HITPOINT WARNING * * *
The gnoll barely misses you.
Your jackal completely misses the iguana.
Your jackal bites the gnoll.
Your ice beast closely misses the gnoll.
The orc closely misses your jackal. The gnoll hits you with a +0 club!
* * * LOW HITPOINT WARNING * * *
The gnoll closely misses you.
Your ogre barely misses the gnoll.
Your jackal bites the gnoll.
Your ice beast hits the gnoll.
The gnoll dies!
It was a potion of brilliance.
You feel clever all of a sudden.
Your jackal barely misses the gnoll.
Your jackal bites the gnoll.
Something closely misses your jackal.
Something completely misses your jackal.
The gnoll hits you from afar with a +0 halberd!
You die...

$.##.# ##
..... #.##....
##.#....
#...... #....
#...## #
###O@.###...#
#$.)Y<.......
#...g##.......
#..hh. ##.....
##..o.. ....
#.....l. ...
...#...).. ..
....##...o.. .
.... ........


You could see a gnoll (ally target), an orc, a friendly ice beast (summoned), a
friendly ogre (summoned) and 2 friendly jackals.

Vanquished Creatures
  A black bear (D:4)
  An ogre (D:3)
  3 orc priests
  4 orc wizards
  2 iguanas
  4 gnolls
  5 adders
  3 worms
  2 dart slugs
  16 orcs
  7 ball pythons
  6 bats
  8 endoplasms
  6 giant cockroaches
  6 hobgoblins
  3 jackals (D:2)
  7 kobolds
  2 quokkas
  3 frilled lizards
  7 goblins
  4 rats
100 creatures vanquished.

Vanquished Creatures (collateral kills)
  A gnoll (D:5)
1 creature vanquished.

Grand Total: 101 creatures vanquished

Notes
Turn   | Place    | Note
-------+----------+-------------------------------------------
     0 | D:1      | hadoken the Naga Hunter began the quest for the Orb.
     0 | D:1      | Reached XP level 1. HP: 19/19 MP: 1/1
   153 | D:1      | Found a faded altar of an unknown god.
   161 | D:1      | Reached skill level 4 in Ranged Weapons
   161 | D:1      | Reached XP level 2. HP: 13/26 MP: 2/2
   467 | D:1      | Reached XP level 3. HP: 32/32 MP: 3/3
  1179 | D:2      | Identified the +1 leather armour of Negligence {rElec}
  1310 | D:2      | Reached skill level 5 in Ranged Weapons
  1310 | D:2      | Reached XP level 4. HP: 32/39 MP: 4/4
  2447 | D:3      | Reached XP level 5. HP: 45/45 MP: 5/5
  2499 | D:3      | Reached skill level 6 in Ranged Weapons
  2585 | D:3      | Noticed an ogre
  2590 | D:3      | Killed an ogre
  2591 | D:3      | Reached XP level 6. HP: 52/52 MP: 6/6
  2895 | D:3      | Reached skill level 7 in Ranged Weapons
  3194 | D:3      | Found a hazy altar of Hepliaklqana.
  3382 | D:4      | Noticed a black bear
  3389 | D:4      | Killed a black bear
  3390 | D:4      | Reached XP level 7. HP: 60/60 MP: 7/7
  3414 | D:4      | Found Adeff's Lightly-Used Armoury.
  3423 | D:4      | Bought a -1 triple crossbow for 60 gold pieces
  3478 | D:4      | Found Pudgh's Antique Weapon Boutique.
  3991 | D:5      | Entered Level 5 of the Dungeon
  3997 | D:5      | Reached skill level 8 in Ranged Weapons
  4003 | D:5      | Mangled by a gnoll

Illustrated notes

Levels and vault maps discovered:
D:1:      nzn_arrival_crosshair, layout_basic,
          hellmonk_ecumenical_altar_arch_garden, minmay_tromino_v2
D:2:      layout_basic, minmay_crystal_water, minmay_misc_feat_alley
D:3:      layout_rooms, mainiacjoe_overflow_brackets, serial_bayou,
          serial_bayou_shore_a, serial_bayou_crossing, serial_bayou_pond_a,
          serial_bayou_ford_a, serial_bayou_pond_e
D:4:      layout_loops_cross, serial_shops, nicolae_shop_real_fake_doors,
          skrybe_limestone_x, kennysheep_nub, minmay_shop_damaged
D:5:      layout_cave_pools

Skill      XL: |  1  2  3  4  5  6  7 |
---------------+----------------------+-----
Ranged Weapons | 4 5 6 7 8 |  8.1
Fighting       | |  2.0
Dodging        | |  1.5
Stealth        | |  1.5

Action                     |  1- 3 |  4- 6 |  7- 9 || total
---------------------------+-------+-------+-------++-------
   Fire: Shortbow          |    85 |   155 |     1 ||   241
         Triple crossbow   |       |       |    31 ||    31
Ability: Spit Poison       |     9 |    19 |     2 ||    30
    Use: Scroll            |       |     4 |     6 ||    10
         Potion            |       |       |     1 ||     1
 Armour: Leather armour    |     9 |    27 |       ||    36
  Dodge: Dodged            |    16 |    59 |     6 ||    81

Table legend: (Time is in decaauts)
 A = Elapsed time spent in this place.
 B = Non-inter-level travel time spent in this place.
 C = Inter-level travel time spent in this place.
 D = Time resting spent in this place.
 E = Time spent auto-exploring this place.
 F = Levels seen in this place.
 G = Mean time per level.
                   A        B        C        D        E       F      G
               +--------+--------+--------+--------+--------+-----+--------+
         Total |   5257 |   4847 |    410 |    317 |   3897 |   5 | 1051.4 |
       Dungeon |   5257 |   4847 |    410 |    317 |   3897 |   5 | 1051.4 |
               +--------+--------+--------+--------+--------+-----+--------+

Top non-repeatable levels by time:
     D:2: 1809 daAuts
     D:1: 1386 daAuts
     D:3: 1139 daAuts
     D:4: 904 daAuts
     D:5: 18 daAuts
